 Dungeon Crawl Stone Soup version 0.18.1-8-gdd0e5ea (webtiles) character file.

17 Hipnos the Caller (level 2, -3/19 HPs)
             Began as a Mummy Summoner on May 22, 2016.
             Slain by a hobgoblin
             ... wielding a +0 club
              (5 damage)
             ... on level 1 of the Dungeon.
             The game lasted 00:04:44 (1139 turns).

Hipnos the Caller (Mummy Summoner)                  Turns: 1139, Time: 00:04:45

Health: -3/19      AC:  2    Str: 11    XL:     2   Next: 44%
Magic:  1/5        EV: 12    Int: 14    God:
Gold:   55         SH:  0    Dex: 12    Spells: 2 memorised, 2 levels left

rFire  x . .     SeeInvis .     (no weapon)
rCold  + . .     Gourm    .     a - +0 robe
rNeg   + + +     Faith    .     (no shield)
rPois  ∞         Spirit   .     (no helmet)
rElec  .         Dismiss  .     (no cloak)
rCorr  .         Reflect  .     (no gloves)
SustAt .         Harm     .     (no boots)
MR     .....                    (no amulet)
Stlth  ++........               (no ring)
                                (no ring)

@: very slightly contaminated, not resistant to hostile enchantments, unstealthy
A: no food or potions, fire vulnerability, cold resistance 1, negative energy
resistance 3, torment resistance, unbreathing
a: no special abilities


You were on level 1 of the Dungeon.
You were not hungry.

You visited 1 branch of the dungeon, and saw 1 of its levels.

You collected 55 gold pieces.

Inventory:

Armour
 a - a +0 robe (worn)
Scrolls
 c - 2 scrolls of remove curse {unknown}
 d - 2 scrolls of identify {unknown}
Books
 b - a book of Callings

   Spells                             Type                      Level
   a - Summon Small Mammal            Summoning                    1
   b - Call Imp                       Summoning                    2
   c - Call Canine Familiar           Summoning                    3
   d - Summon Guardian Golem          Hexes/Summoning              3
   e - Summon Lightning Spire         Summoning/Air                4
   f - Summon Ice Beast               Ice/Summoning                4


   Skills:
 - Level 1.5 Dodging
 - Level 1.5 Stealth
 - Level 2.0 Spellcasting
 + Level 3.9 Summonings


You had 2 spell levels left.
You knew the following spells:

 Your Spells              Type           Power        Failure   Level  Hunger
a - Summon Small Mammal   Summ           ##..         6%          1    N/A
b - Call Imp              Summ           ##......     10%         2    N/A

Dungeon Overview and Level Annotations

Branches:
Dungeon (1/15)

Altars:


Innate Abilities, Weirdness & Mutations

You do not eat or drink.
Your flesh is vulnerable to fire.
You are immune to poison.
Your flesh is cold resistant.
You are immune to negative energy.
You are immune to unholy pain and torment.
You can survive without breathing.


Message History

Casting: Call Imp
Confirm with . or Enter, or press ? or * to list all spells.
A beastly little devil appears in a puff of flame.
The hobgoblin barely misses you. The hobgoblin closely misses you.
Your crimson imp hits the hobgoblin but does no damage.
You barely miss the hobgoblin. The hobgoblin closely misses you.
Your crimson imp blinks!
You hit the hobgoblin but do no damage. The hobgoblin hits you with a club.
You hit the hobgoblin.
The hobgoblin is lightly wounded.
The hobgoblin hits you with a club!
You closely miss the hobgoblin.
The hobgoblin is lightly wounded.
The hobgoblin hits you with a club!
* * * LOW HITPOINT WARNING * * *
You barely miss the hobgoblin.
The hobgoblin is lightly wounded.
The hobgoblin hits you with a club.
You die...

.........####.#.....#..###.......
.........#....#.######...#.....##
####....##.##.#......###.##..().#
#...'#..##.######.#...##'.(...
#...#..###........#.###.#.(..#
#..###########.####.#...##....
#..######...##'####.#.####.(##
#..##.....#.'...5.....####..#
#..+..#.#####@g.#######..'..#
#..####.#...'...'.#.(...##..#
#.[####.#.####'##...######..#
#..##...#.####.###.#######..#
#...#.###.#....# #.###..#...#
#...'##...#.######.##..#'...#
#....##.###......#.##.##....#
#.....#...######.#....#.....#
#.....###..#.....######.....#


You could see a hobgoblin and a friendly crimson imp.

Vanquished Creatures
  A jackal (D:1)
  A giant newt (D:1)
2 creatures vanquished.

Vanquished Creatures (collateral kills)
  2 bats (D:1)
  A giant cockroach (D:1)
  6 goblins (D:1)
  2 hobgoblins (D:1)
  4 jackals (D:1)
  2 giant newts (D:1)
  4 kobolds (D:1)
  2 rats (D:1)
23 creatures vanquished.

Grand Total: 25 creatures vanquished

Notes
Turn   | Place    | Note
--------------------------------------------------------------
     0 | D:1      | Hipnos the Mummy Summoner began the quest for the Orb.
     0 | D:1      | Reached XP level 1. HP: 13/13 MP: 3/3
   271 | D:1      | Reached XP level 2. HP: 8/19 MP: 0/5
   626 | D:1      | Learned a level 2 spell: Call Imp
  1139 | D:1      | Slain by a hobgoblin

Action                   || total
-------------------------++-------
Melee: Unarmed           ||    32
 Cast: Summon Small Mamm ||    22
       Call Imp          ||    13
Armor: Robe              ||    17
Dodge: Dodged            ||    58
